[Event "Titled Tuesday Blitz October 11 Early 2022"]
[White "Coelho, Ramyres Santana"]
[Black "Gabdrakhmanov, Azat"]
[WhiteFideId "2120690"]
[BlackFideId "34189197"]
[WhiteElo "1888"]
[BlackElo "2233"]
[Result "0-1"]
[Round "01"]
[TimeControl "180+1"]
[Date "2022.10.12"]
[WhiteClock "0:00:06"]
[BlackClock "0:00:17"]

1. e4 c5 2. Nf3 e6 3. d4 cxd4 4. c3 dxc3 5. Nxc3 Nc6 6. Bc4 Be7 7. O-O d6 8. Qe2 Nf6 9. Rd1 e5 10. b4 Bg4 11. Be3 O-O 12. h3 Bh5 13. g4 Bg6 14. b5 Na5 15. Nxe5 Nxc4 16. Nxc4 Nxe4 17. Nxe4 Bxe4 18. Bc5 d5 19. Qxe4 dxe4 20. Rxd8 Bxd8 21. Bxf8 Kxf8 22. Nd6 a6 23. Nxb7 axb5 24. Nxd8 Rxd8 25. Rb1 Rd5 26. Rb4 Re5 27. Kf1 e3 28. f4 Rc5 29. Ke2 Rc2+ 30. Kxe3 Rxa2 31. Rxb5 Ra3+ 32. Ke4 Rxh3 33. Rb7 g6 34. Ke5 Kg7 35. g5 Re3+ 36. Kd4 Re6 37. Kd5 Kf8 38. Rb8+ Re8 39. Rb7 Re7 40. Rb8+ Kg7 41. Rb6 h5 42. gxh6+ Kxh6 43. Rb2 Kh5 44. Kd6 Re4 45. f5 gxf5 46. Rf2 Kg5 47. Kd5 Re6 48. Rg2+ Kf6 49. Rf2 Re1 50. Kd4 Kg5 51. Kd3 f4 52. Kd2 Re3 53. Rg2+ Kf5 54. Rf2 f6 55. Rh2 Re5 56. Rh5+ Kg4 57. Rh8 Kf3 58. Rf8 f5 59. Kd3 Kf2 60. Rg8 f3 61. Kd4 Re4+ 62. Kd3 Re3+ 63. Kd2 Re6 64. Rg5 Rd6+ 65. Kc2 f4 66. Rf5 Rd4 67. Kc3 Ra4 68. Kb3 Re4 69. Kc3 Ke2 70. Ra5 f2 71. Ra2+ Kf3 72. Ra1 Re1 73. Ra3 f1=Q 74. Kd2+ Kg4 75. Kc2 Re2+ 76. Kb3 Qf3+ 77. Kb4 Qxa3+ 78. Kxa3 f3 79. Kb3 f2 80. Kc3 f1=Q 81. Kd3 Qd1+ 82. Kc3 Rc2+ 83. Kb3 Qb1+ 84. Ka3 Ra2# 0-1


[Site "https://www.chess.com"]

[Event "Titled Tuesday Blitz October 11 Early 2022"]
[White "Cruz Lledo, Pablo"]
[Black "Manon-og, Ramon Jr."]
[WhiteFideId "2297361"]
[BlackFideId "5200776"]
[WhiteElo "2304"]
[BlackElo "2233"]
[Result "1-0"]
[Round "01"]
[TimeControl "180+1"]
[Date "2022.10.12"]
[WhiteClock "0:00:03"]
[BlackClock "0:00:06"]

1. Nf3 Nf6 2. c4 g6 3. b3 Bg7 4. Bb2 O-O 5. e3 d6 6. Be2 b6 7. O-O Bb7 8. d3 Nbd7 9. Nbd2 Re8 10. a3 a5 11. Ra2 e5 12. Qa1 Nc5 13. b4 Na4 14. e4 Nxb2 15. Qxb2 Nh5 16. g3 Qd7 17. Rc1 f5 18. c5 fxe4 19. dxe4 Bh6 20. bxa5 Rxa5 21. cxb6 c5 22. Rd1 Kh8 23. Nc4 Rb5 24. Qc3 Bxe4 25. Ncxe5 Bg7 26. Nxd7 Bxc3 27. Bxb5 Bxf3 28. Rc1 Bd4 29. Ne5 Rxe5 30. a4 Bd5 31. a5 Bxa2 32. b7 Rf5 33. b8=Q+ Kg7 34. Rf1 Bd5 35. Qxd6 Rg5 36. Bc6 Bc4 37. Rc1 Bd3 38. a6 Rf5 39. Rf1 Bxf1 40. Kxf1 Rxf2+ 41. Ke1 Ra2 42. Qd7+ Kh6 43. a7 Bf2+ 44. Kd1 Nf6 45. Qf7 Ng4 46. Qxa2 Ne3+ 47. Ke2 Ng4 48. Bf3 Ne5 49. Kxf2 Nd3+ 50. Kg1 Nb4 51. Qc4 Nc2 52. Qxc2 1-0


[Site "https://www.chess.com"]

[Event "Titled Tuesday Blitz October 11 Early 2022"]
[White "De Silva, L M S T"]
[Black "Rangel, Daniel"]
[WhiteFideId "9953698"]
[BlackFideId "2124475"]
[WhiteElo "2416"]
[BlackElo "2225"]
[Result "1-0"]
[Round "01"]
[TimeControl "180+1"]
[Date "2022.10.12"]
[WhiteClock "0:00:11"]
[BlackClock "0:00:07"]

1. e4 c5 2. Nf3 g6 3. d4 cxd4 4. Nxd4 Bg7 5. c4 Nc6 6. Be3 Nf6 7. Nc3 O-O 8. Be2 Nxd4 9. Bxd4 d6 10. O-O Bd7 11. Qd2 Bc6 12. Bd3 Nd7 13. Bxg7 Kxg7 14. f4 Qb6+ 15. Kh1 a5 16. b3 Nc5 17. Bc2 Qc7 18. Rf3 f5 19. exf5 Bxf3 20. gxf3 Qc6 21. Nd5 gxf5 22. Rg1+ Kf7 23. Qg2 Rg8 24. Qh3 Rxg1+ 25. Kxg1 Rg8+ 26. Kh1 e6 27. Qxh7+ Rg7 28. Qh5+ Kf8 29. Qh8+ Kf7 30. Qh5+ Kg8 31. Nf6+ Kf8 32. Bd1 Nd3 33. h4 Nf2+ 34. Kh2 Nxd1 35. Qh8+ Kf7 36. Nh5 Rg8 37. Qf6+ Ke8 38. Qxe6+ Kd8 39. Qxg8+ Kc7 40. Qd5 Qb6 41. Qxd1 Qf2+ 42. Kh3 a4 43. Ng3 a3 44. h5 Qxa2 45. Nxf5 Qb2 46. Qxd6+ Kc8 47. Ne7# 1-0


[Site "https://www.chess.com"]

[Event "Titled Tuesday Blitz October 11 Early 2022"]
[White "Delorme, Alban"]
[Black "Aizpurua, Patrick Emilio"]
[WhiteFideId "623636"]
[BlackFideId "6600522"]
[WhiteElo "2197"]
[BlackElo "2378"]
[Result "0-1"]
[Round "01"]
[TimeControl "180+1"]
[Date "2022.10.12"]
[WhiteClock "0:00:01"]
[BlackClock "0:00:33"]

1. e4 e5 2. Nf3 Nc6 3. Bc4 Bc5 4. c3 Nf6 5. d4 exd4 6. b4 Bb6 7. e5 d5 8. exf6 dxc4 9. Qe2+ Be6 10. b5 Nb4 11. cxb4 Qxf6 12. O-O O-O 13. Qe5 Qd8 14. Rd1 Re8 15. Nc3 Bg4 16. Qg3 Bxf3 17. Qxf3 Qd7 18. Bf4 c6 19. bxc6 bxc6 20. Ne4 Qd5 21. Ng5 Qf5 22. a4 h6 23. Nh3 g5 24. Bg3 Qxf3 25. gxf3 a5 26. b5 cxb5 27. axb5 d3 28. Kg2 Rad8 29. f4 g4 30. Ng1 c3 31. h3 c2 32. Rdc1 h5 0-1


[Site "https://www.chess.com"]

[Event "Titled Tuesday Blitz October 11 Early 2022"]
[White "Devaev, Alexander"]
[Black "Yuan, Qingyu"]
[WhiteFideId "4169395"]
[BlackFideId "8609772"]
[WhiteElo "2225"]
[BlackElo "2359"]
[Result "0-1"]
[Round "01"]
[TimeControl "180+1"]
[Date "2022.10.12"]
[WhiteClock "0:00:17"]
[BlackClock "0:00:07"]

1. d4 d5 2. Nf3 Nf6 3. c4 e6 4. Nc3 a6 5. cxd5 exd5 6. Bg5 Be6 7. e3 Nbd7 8. Bd3 Bd6 9. Qc2 c6 10. O-O h6 11. Bh4 O-O 12. Bg3 Qc7 13. Rab1 Nh5 14. Bxd6 Qxd6 15. b4 b5 16. e4 Nf4 17. e5 Qe7 18. g3 Nxd3 19. Qxd3 a5 20. a3 axb4 21. axb4 Nb6 22. Nd2 Qd7 23. Ra1 Bf5 24. Qe2 Nc4 25. Nb3 Bg4 26. f3 Bf5 27. Nc5 Qe7 28. f4 Bh7 29. Kg2 Rfe8 30. h3 Ra7 31. Rxa7 Qxa7 32. f5 Qa3 33. Nd1 Qxb4 34. e6 fxe6 35. fxe6 Qd2 36. Rf2 Qxd4 37. Nd7 Qe4+ 38. Kh2 Qxe2 39. Rxe2 Be4 40. Nf2 Rxe6 41. Nc5 Re7 42. Nfxe4 dxe4 43. Nxe4 Nd6 44. Nf6+ Kf7 45. Rxe7+ Kxe7 46. Ng4 b4 47. Ne5 c5 48. Nd3 Ne4 49. Kg2 b3 50. Kf3 Ng5+ 51. Ke2 c4 52. Nf4 b2 53. Nd5+ Kd6 54. Nc3 Kc5 55. Kd2 Kb4 56. Kc2 Ka3 57. Nb1+ Ka2 58. Nc3+ Ka1 59. Nb1 Ne4 60. h4 c3 61. g4 Ka2 62. h5 Ka1 63. g5 hxg5 64. Nd2 Nxd2 65. Kd3 b1=Q+ 66. Ke2 Qh7 67. h6 Qxh6 0-1


[Site "https://www.chess.com"]

[Event "Titled Tuesday Blitz October 11 Early 2022"]
[White "Di Nicolantonio, Lucas"]
[Black "Flis, Pawel"]
[WhiteFideId "680460"]
[BlackFideId "1112864"]
[WhiteElo "2381"]
[BlackElo "1836"]
[Result "1-0"]
[Round "01"]
[TimeControl "180+1"]
[Date "2022.10.12"]
[WhiteClock "0:00:05"]
[BlackClock "0:00:07"]

1. e4 c5 2. Nf3 d6 3. d4 Nf6 4. Nc3 cxd4 5. Qxd4 a6 6. Bg5 Nc6 7. Qd2 e6 8. O-O-O Be7 9. Bf4 e5 10. Bg5 Be6 11. Bxf6 Bxf6 12. Nd5 O-O 13. Kb1 Rc8 14. Bc4 b5 15. Bb3 Na5 16. Nxf6+ gxf6 17. Qxd6 Nxb3 18. axb3 Qa5 19. Qe7 Kg7 20. Rd3 Rc7 21. Qa3 Qb6 22. Nh4 Rfc8 23. Rg3+ Kh8 24. Rf3 Rxc2 25. Rxf6 Rxf2 26. Qe7 Qc5 27. Qxc5 Rxc5 28. Rxf2 Bxb3 29. Rc1 Ba2+ 30. Kxa2 Rxc1 31. Rxf7 Kg8 32. Re7 Rc5 33. Nf5 a5 34. g4 a4 35. Ka3 Kf8 36. Kb4 Rc2 37. Kxb5 Rxb2+ 38. Kc5 Rxh2 39. Ra7 Rc2+ 40. Kd5 Rg2 41. Ke6 1-0


[Site "https://www.chess.com"]

[Event "Titled Tuesday Blitz October 11 Early 2022"]
[White "Djokic, Mihailo"]
[Black "Onslow, Alfie"]
[WhiteFideId "976440"]
[BlackFideId "436976"]
[WhiteElo "2315"]
[BlackElo "2015"]
[Result "0-1"]
[Round "01"]
[TimeControl "180+1"]
[Date "2022.10.12"]
[WhiteClock "0:01:05"]
[BlackClock "0:00:08"]

1. e4 g6 2. d4 Bg7 3. Be3 c6 4. Nc3 d5 5. Nf3 dxe4 6. Nxe4 Nf6 7. Nxf6+ exf6 8. Qd2 O-O 9. O-O-O Be6 10. Kb1 b5 11. h4 a5 12. h5 Qd5 13. b3 a4 14. hxg6 fxg6 15. Bh6 Rf7 16. Bxg7 Rxg7 17. Bd3 axb3 18. cxb3 Rga7 19. Qh6 b4 20. Rd2 Qxb3+ 21. Kc1 Qc3+ 22. Kd1 Bc4 23. Qe3 Bxd3 24. Rxd3 Qa1+ 25. Qc1 Qxc1+ 26. Kxc1 Rxa2 27. Nd2 Nd7 28. Kd1 Ra1+ 29. Ke2 Rxh1 30. Rb3 Rh2 31. Kf3 Rb8 32. Kg3 Rh1 33. Ne4 Rd1 34. f3 Rxd4 35. Kf2 f5 36. Ng3 Rd2+ 37. Ne2 Ra2 38. Ke3 Nc5 39. Rb1 b3 40. Nc3 Rc2 41. Kd4 b2 42. Rxb2 Rcxb2 0-1


[Site "https://www.chess.com"]

[Event "Titled Tuesday Blitz October 11 Early 2022"]
[White "Donchenko, Alexander"]
[Black "Horak, Martin"]
[WhiteFideId "24603295"]
[BlackFideId "367095"]
[WhiteElo "2572"]
[BlackElo "2091"]
[Result "0-1"]
[Round "01"]
[TimeControl "180+1"]
[Date "2022.10.11"]
[WhiteClock "0:01:09"]
[BlackClock "0:00:09"]

1. Nf3 Nf6 2. g3 d5 3. Bg2 c5 4. O-O e6 5. c4 Nc6 6. cxd5 Nxd5 7. d4 cxd4 8. Nxd4 Be7 9. Nxc6 bxc6 10. Qc2 Bb7 11. Rd1 Qc8 12. a3 O-O 13. e4 Nb6 14. Nc3 Rd8 15. Bf4 Bc5 16. Rxd8+ Qxd8 17. Rd1 Qe8 18. b4 Be7 19. h4 Rd8 20. Be3 Rxd1+ 21. Qxd1 Qd8 22. Qc2 Ba6 23. Bc5 Bxc5 24. bxc5 Nd7 25. Qa4 Nb8 26. e5 Qc7 27. Qd4 Nd7 28. f4 Bb7 29. Qd6 Qxd6 30. cxd6 f6 31. Bh3 Kf7 32. f5 exf5 33. Bxf5 Nxe5 34. Ne4 g6 35. Bh3 f5 36. Nc5 Bc8 37. Bf1 Nd7 38. Bc4+ Kf6 39. Nd3 Ne5 40. Nxe5 Kxe5 41. Bg8 h6 42. Kf2 Kxd6 43. Ke3 g5 44. Kd4 c5+ 45. Ke3 Be6 46. Bh7 Ke5 47. Bg6 Bd5 48. hxg5 hxg5 49. Be8 f4+ 50. gxf4+ gxf4+ 51. Kf2 Be4 52. Bb5 Kd4 53. Ke2 c4 54. Kd2 c3+ 55. Kc1 Ke3 56. a4 Bd3 57. Bc6 f3 58. a5 f2 59. Bg2 f1=Q+ 60. Bxf1 Bxf1 61. Kc2 Kd4 62. a6 Bxa6 63. Kb3 Bc4+ 64. Kc2 Bd5 65. Kc1 Be4 66. Kd1 Kc4 67. Kc1 Kb3 68. Kd1 Kb2 69. Ke2 c2 70. Ke3 c1=Q+ 71. Kd4 Qc3+ 72. Kxe4 a5 73. Kd5 a4 0-1


[Site "https://www.chess.com"]

[Event "Titled Tuesday Blitz October 11 Early 2022"]
[White "Drozdowski, Kacper"]
[Black "Manukyan, Sargis A."]
[WhiteFideId "1136720"]
[BlackFideId "13303970"]
[WhiteElo "2485"]
[BlackElo "2187"]
[Result "1-0"]
[Round "01"]
[TimeControl "180+1"]
[Date "2022.10.11"]
[WhiteClock "0:00:53"]
[BlackClock "0:01:54"]

1. e4 e6 2. d4 d5 3. Nd2 Be7 4. Ngf3 Nf6 5. Bd3 c5 6. e5 Nfd7 7. c3 Nc6 8. O-O g5 9. dxc5 g4 10. Nd4 Ndxe5 11. N2b3 a5 12. Re1 a4 13. Nxc6 Nxc6 14. Nd4 h5 15. Be3 Bd7 16. Nb5 Qb8 17. Qd2 e5 18. Bg5 f6 19. Bg6+ Kd8 20. Qxd5 fxg5 21. Rad1 Qc8 22. Bf5 Nb8 23. Qxe5 Qxc5 24. Qxh8+ 1-0


[Site "https://www.chess.com"]

[Event "Titled Tuesday Blitz October 11 Early 2022"]
[White "Dubov, Daniil"]
[Black "Ilkhomi, Jaloliddin"]
[WhiteFideId "24126055"]
[BlackFideId "14700948"]
[WhiteElo "2791"]
[BlackElo "2045"]
[Result "1-0"]
[Round "01"]
[TimeControl "180+1"]
[Date "2022.10.11"]
[WhiteClock "0:00:17"]
[BlackClock "0:00:03"]

1. e4 e6 2. d4 d5 3. e5 c5 4. c3 Qb6 5. Nf3 Bd7 6. a3 Bb5 7. Bxb5+ Qxb5 8. a4 Qd7 9. O-O c4 10. b3 cxb3 11. Nbd2 Nc6 12. Nxb3 Nge7 13. Qd3 Ng6 14. h4 Be7 15. h5 Nh4 16. Nxh4 Bxh4 17. Qh3 Qe7 18. g3 Bg5 19. f4 Bh6 20. Ba3 Qd7 21. Rab1 b6 22. a5 g6 23. Bd6 Bf8 24. hxg6 fxg6 25. Bxf8 Kxf8 26. axb6 axb6 27. Nd2 Rb8 28. Nf3 h6 29. Nh4 Kf7 30. g4 Rhg8 31. Kh1 Ke7 32. f5 gxf5 33. gxf5 exf5 34. Rxf5 Kd8 35. Rbf1 Ne7 36. Rf8+ Kc7 37. Qxd7+ Kxd7 38. Rxb8 Rxb8 39. Rf7 Ke8 40. Rh7 Rc8 41. e6 Kf8 42. Nf5 Nxf5 43. Rh8+ Ke7 44. Rxc8 Kxe6 45. Rc6+ Kd7 46. Rxb6 Nd6 47. Kg2 Ne4 48. Rxh6 Nxc3 49. Kf3 Nb5 50. Ke3 Nd6 51. Kf4 Nc4 52. Ra6 Ke7 53. Kf5 Kd7 54. Kf6 Kc7 55. Ke6 Ne3 56. Ra3 Ng4 57. Rc3+ Kb6 58. Kxd5 Nf6+ 59. Ke5 Nd7+ 60. Kd6 Nf6 61. Rb3+ Ka5 62. d5 Ka4 63. Rb8 Ka5 64. Kc6 Ka6 65. Ra8# 1-0


[Site "https://www.chess.com"]

[Event "Titled Tuesday Blitz October 11 Early 2022"]
[White "Duda, Jan-Krzysztof"]
[Black "Sernecki, Franciszek"]
[WhiteFideId "1170546"]
[BlackFideId "1169297"]
[WhiteElo "2779"]
[BlackElo "2209"]
[Result "1-0"]
[Round "01"]
[TimeControl "180+1"]
[Date "2022.10.11"]
[WhiteClock "0:01:29"]
[BlackClock "0:01:28"]

1. d4 d5 2. c4 Nc6 3. Nc3 e5 4. cxd5 exd4 5. dxc6 dxc3 6. Qxd8+ Kxd8 7. cxb7 Bxb7 8. bxc3 Be7 9. Nf3 Bf6 10. Bd2 Ne7 11. e3 Kd7 12. Bc4 Rhd8 13. Bxf7 Nf5 14. Bb3 Ke7 15. Rd1 Nd6 16. c4 c5 17. Ba5 Rdc8 18. O-O Ke6 19. Rd3 Bd8 20. Rfd1 Nf7 21. Bxd8 Rxd8 22. Ng5+ Ke7 23. Nxf7 1-0


[Site "https://www.chess.com"]

[Event "Titled Tuesday Blitz October 11 Early 2022"]
[White "Durarbayli, Vasif"]
[Black "Bellissimo, Joseph F."]
[WhiteFideId "13402935"]
[BlackFideId "2609843"]
[WhiteElo "2586"]
[BlackElo "2103"]
[Result "1-0"]
[Round "01"]
[TimeControl "180+1"]
[Date "2022.10.12"]
[WhiteClock "0:00:52"]
[BlackClock "0:01:24"]

1. e4 e6 2. d4 d5 3. e5 c5 4. c3 Nc6 5. Nf3 Qb6 6. Be2 Bd7 7. dxc5 Bxc5 8. O-O a5 9. Bd3 f6 10. Qe2 fxe5 11. Nxe5 Nf6 12. Nxd7 Kxd7 13. Nd2 a4 14. Nf3 Rhe8 15. Bf4 Bd6 16. Ne5+ Kc7 17. Rae1 Ra5 18. Bg3 d4 19. Nc4 1-0


[Site "https://www.chess.com"]

[Event "Titled Tuesday Blitz October 11 Early 2022"]
[White "Erenberg, Ariel"]
[Black "Tymrakiewicz, Rafal"]
[WhiteFideId "2811634"]
[BlackFideId "1108832"]
[WhiteElo "2416"]
[BlackElo "2138"]
[Result "0-1"]
[Round "01"]
[TimeControl "180+1"]
[Date "2022.10.12"]
[WhiteClock "0:00:05"]
[BlackClock "0:00:07"]

1. b3 Nf6 2. Bb2 g6 3. g3 Bg7 4. Bg2 O-O 5. c4 d6 6. Nf3 e5 7. O-O Re8 8. d4 e4 9. Ne1 c6 10. d5 c5 11. Nc3 Bf5 12. Nc2 Qd7 13. Ne3 Bh3 14. Qc2 Bxg2 15. Nxg2 Qe7 16. f3 Nbd7 17. Rae1 Bh6 18. h4 a6 19. Ba1 Bg7 20. Qb2 Nh5 21. Kh2 Be5 22. f4 Bg7 23. Qc2 f5 24. Nd1 Nhf6 25. Nde3 h5 26. Bc3 b5 27. a4 b4 28. Bb2 Kf7 29. Rf2 Rh8 30. Rd1 Ng4+ 31. Nxg4 hxg4 32. Ne3 Nf6 33. Kg2 Nh5 34. Rh1 Bd4 35. Bxd4 cxd4 36. Nd1 Rh7 37. c5 dxc5 38. Qc4 Qd6 39. Nb2 Nf6 40. Rc1 Rc8 41. Kg1 Rhh8 42. a5 Rhd8 43. Na4 Qxd5 44. Qxa6 d3 45. Nb6 d2 46. Rd1 Qxb3 47. Rxd2 Rxd2 48. Qb7+ Kg8 49. Qxc8+ Kg7 50. Qc7+ Kh6 51. Kg2 e3 52. Rf1 Rxe2+ 53. Kh1 Qd3 54. Qc6 Qe4+ 55. Qxe4 Nxe4 56. Ra1 Nxg3+ 57. Kg1 b3 58. Nc4 b2 59. Rb1 Rc2 60. Nxb2 Ne2+ 61. Kf1 Nc3 62. Ra1 Rxb2 63. a6 e2+ 64. Ke1 Nd5 65. a7 Nxf4 66. a8=Q Nd3# 0-1


[Site "https://www.chess.com"]

[Event "Titled Tuesday Blitz October 11 Early 2022"]
[White "Ernst, Sipke"]
[Black "Samarth, J Rao"]
[WhiteFideId "1004689"]
[BlackFideId "46652370"]
[WhiteElo "2438"]
[BlackElo "1564"]
[Result "1-0"]
[Round "01"]
[TimeControl "180+1"]
[Date "2022.10.12"]
[WhiteClock "0:00:31"]
[BlackClock "0:00:02"]

1. d4 d5 2. c4 e6 3. Nc3 c6 4. e3 Nf6 5. Nf3 Bd6 6. Qc2 O-O 7. Be2 Nbd7 8. b3 Qe7 9. O-O b6 10. Bb2 Bb7 11. Rad1 Rfe8 12. Rfe1 a6 13. Bd3 dxc4 14. bxc4 e5 15. Ng5 exd4 16. Nce4 h6 17. Nxd6 Qxd6 18. Nf3 c5 19. exd4 Bxf3 20. gxf3 Rxe1+ 21. Rxe1 cxd4 22. Bf1 Rc8 23. Rd1 Ne5 24. Qf5 Qe6 25. Qxe6 fxe6 26. f4 Nxc4 27. Bxd4 b5 28. a4 Rd8 29. Be2 Ne4 30. axb5 axb5 31. Kg2 Ned6 32. Bc5 Nb7 33. Rxd8+ Nxd8 34. Bf3 Nf7 35. Bc6 Ncd6 36. Bd7 Ne4 37. Bb4 g5 38. Bxe6 gxf4 39. h4 Kg7 40. Bd5 Nf6 41. Bc6 Ne5 42. Bxb5 Kg6 43. Bc3 Kf5 44. Ba4 h5 45. Bc2+ Ke6 46. f3 Nc4 47. Bb3 1-0


[Site "https://www.chess.com"]

[Event "Titled Tuesday Blitz October 11 Early 2022"]
[White "Fernandez Garcia, Gumersindo"]
[Black "Visakh N R"]
[WhiteFideId "24516740"]
[BlackFideId "25012223"]
[WhiteElo "2072"]
[BlackElo "2466"]
[Result "0-1"]
[Round "01"]
[TimeControl "180+1"]
[Date "2022.10.12"]
[WhiteClock "0:00:11"]
[BlackClock "0:00:13"]

1. e4 c5 2. Nf3 d6 3. d4 Nf6 4. Nc3 cxd4 5. Nxd4 a6 6. Bc4 e6 7. O-O Be7 8. h3 O-O 9. Be3 Qc7 10. Qe2 b5 11. Bd3 Nbd7 12. a3 Bb7 13. Nb3 Ne5 14. f4 Nc4 15. Bxc4 bxc4 16. Nd2 d5 17. e5 Nd7 18. Nf3 Bc5 19. Bxc5 Qxc5+ 20. Qf2 a5 21. Qxc5 Nxc5 22. Nd4 Rfb8 23. f5 Bc8 24. fxe6 Bxe6 25. Ncb5 Ra6 26. Nc7 Rab6 27. Rf2 Rxb2 28. Raf1 Rb1 29. Ncxe6 fxe6 30. Nc6 Rxf1+ 31. Kxf1 Rb7 32. Nxa5 Rb6 33. Ke2 Ra6 34. Nxc4 dxc4 35. Rf4 Ra4 36. Ke3 Nd7 37. Kd4 Rxa3 38. Rf1 Ra5 39. Rb1 Nxe5 40. Rb7 h6 41. Ke4 Rc5 42. c3 Rd5 43. Re7 Nf7 44. h4 Rd3 45. Re8+ Kh7 46. Rxe6 Rxc3 47. Kd4 Rg3 48. Kxc4 Rxg2 49. Re7 Nd6+ 50. Kd5 Nf5 51. Re5 Nxh4 52. Re4 Rg5+ 53. Kd4 Nf5+ 54. Kd3 Rg3+ 55. Kd2 h5 56. Re5 g6 57. Ke2 Kh6 58. Kf2 h4 59. Re4 Kg5 60. Rb4 Rg4 61. Rb8 h3 62. Rh8 Rh4 63. Ra8 h2 64. Ra1 h1=Q 65. Rxh1 Rxh1 66. Kg2 Rh4 67. Kf2 Kf4 68. Kg2 Ne3+ 69. Kf2 Rh2+ 70. Kg1 Re2 71. Kh1 Kg3 72. Kg1 Re1# 0-1


[Site "https://www.chess.com"]

[Event "Titled Tuesday Blitz October 11 Early 2022"]
[White "Fernandez Hernandez, Gerardo"]
[Black "Laohawirapap, Prin"]
[WhiteFideId "2207400"]
[BlackFideId "6205003"]
[WhiteElo "2146"]
[BlackElo "2113"]
[Result "0-1"]
[Round "01"]
[TimeControl "180+1"]
[Date "2022.10.12"]
[WhiteClock "0:00:03"]
[BlackClock "0:01:56"]

1. e4 c5 2. d3 Nc6 3. g3 g6 4. Bg2 Bg7 5. f4 d6 6. Nf3 e6 7. O-O Nge7 8. c3 O-O 9. Be3 b6 10. d4 d5 11. e5 Nf5 12. Bf2 cxd4 13. cxd4 h5 14. Nc3 Ba6 15. Re1 Qd7 16. h3 Nb4 17. Bf1 Bxf1 18. Rxf1 Nh6 19. Qd2 Rac8 20. Rac1 Rc4 21. b3 Rc7 22. Na4 Nc6 23. Rc2 Rfc8 24. Rfc1 Ne7 25. Be3 Nc6 26. Kg2 Bf8 27. Nh2 Ba3 28. Rf1 Nb4 29. Rxc7 Rxc7 30. Nc3 Qc6 31. Nb1 Nc2 32. Nxa3 Nxa3 33. Rc1 Nc2 34. Bf2 Nf5 35. g4 Nce3+ 36. Bxe3 Nxe3+ 37. Qxe3 Qxc1 38. Nf1 Rc2+ 39. Kg1 hxg4 40. hxg4 Qxe3+ 41. Nxe3 Rxa2 42. Kf1 a5 43. Ke1 Rb2 44. Kd1 Rxb3 45. Kd2 Rxe3 46. Kxe3 b5 47. Kd3 b4 48. Kc2 a4 49. Kb2 b3 50. Kc3 Kf8 51. Kb2 Ke7 52. Kc3 Kd7 53. Kb2 Kc6 54. Kc3 Kb5 55. f5 gxf5 56. gxf5 exf5 0-1


[Site "https://www.chess.com"]

[Event "Titled Tuesday Blitz October 11 Early 2022"]
[White "Fernandez, Michael"]
[Black "Koziorowicz, Michal"]
[WhiteFideId "5803560"]
[BlackFideId "21809194"]
[WhiteElo "2110"]
[BlackElo "2220"]
[Result "0-1"]
[Round "01"]
[TimeControl "180+1"]
[Date "2022.10.12"]
[WhiteClock "0:00:32"]
[BlackClock "0:00:51"]

1. d4 e6 2. c4 d5 3. Nc3 Nf6 4. Bg5 c6 5. Nf3 Be7 6. e3 Nbd7 7. Bd3 O-O 8. O-O Re8 9. c5 h6 10. Bf4 Nh5 11. b4 Bf6 12. Bd6 e5 13. dxe5 Nxe5 14. Nxe5 Bxe5 15. Qxh5 Bxc3 16. Rab1 a6 17. Rfc1 Qf6 18. a4 Be5 19. Bxe5 Rxe5 20. Qe2 d4 21. e4 Bd7 22. Qd2 Rae8 23. f4 Rxe4 24. Bxe4 Rxe4 25. Rf1 Be6 26. Rbe1 Bd5 27. Rxe4 Bxe4 28. Re1 Qg6 0-1


[Site "https://www.chess.com"]

[Event "Titled Tuesday Blitz October 11 Early 2022"]
[White "Fernandez Siles, Luis"]
[Black "Skliarov, Viktor"]
[WhiteFideId "2209420"]
[BlackFideId "14106736"]
[WhiteElo "2186"]
[BlackElo "2284"]
[Result "0-1"]
[Round "01"]
[TimeControl "180+1"]
[Date "2022.10.12"]
[WhiteClock "0:00:07"]
[BlackClock "0:00:49"]

1. e4 c5 2. Nf3 Nc6 3. d4 cxd4 4. Nxd4 Nf6 5. Nc3 e5 6. Ndb5 d6 7. Nd5 Nxd5 8. exd5 Nb8 9. c4 Be7 10. Bd3 a6 11. Nc3 O-O 12. O-O Nd7 13. Kh1 f5 14. f3 Bg5 15. b4 a5 16. a3 axb4 17. Bxg5 Qxg5 18. axb4 Rxa1 19. Qxa1 Qe3 20. Be2 e4 21. fxe4 fxe4 22. Rxf8+ Nxf8 23. Qb2 Bg4 24. h3 Bxe2 25. Nxe2 Qd3 26. Nd4 Qxc4 27. Ne2 Qxd5 28. Qc2 Qd3 29. Qa2+ d5 30. Nc3 Qxc3 31. Qxd5+ Kh8 32. Qxe4 Qc6 33. Qe7 Kg8 34. h4 Qd7 35. Qe4 Ne6 36. h5 Qc6 37. Qf5 Qc1+ 38. Kh2 Qf4+ 39. Qxf4 Nxf4 40. Kg3 Nxh5+ 41. Kf3 Kf7 42. Ke4 Ke6 43. Kd4 Kd6 0-1


[Site "https://www.chess.com"]

[Event "Titled Tuesday Blitz October 11 Early 2022"]
[White "Ferreira, Vitor Hugo Vieira"]
[Black "Tristan, Leonardo"]
[WhiteFideId "2119765"]
[BlackFideId "113816"]
[WhiteElo "2168"]
[BlackElo "2446"]
[Result "0-1"]
[Round "01"]
[TimeControl "180+1"]
[Date "2022.10.12"]
[WhiteClock "0:00:31"]
[BlackClock "0:02:31"]

1. d4 d5 2. c4 e6 3. Nc3 a6 4. cxd5 exd5 5. Bf4 Nf6 6. e3 c5 7. h3 c4 8. Nf3 Nc6 9. Be2 b5 10. O-O Be7 11. Re1 O-O 12. Bf1 Bb7 13. a3 Re8 14. Ne5 h6 15. Bh2 Bd6 16. f4 Ne4 17. Nxe4 dxe4 18. Qh5 Nxe5 19. dxe5 Bc5 20. Rad1 Qe7 21. Kh1 Rad8 22. Rxd8 Rxd8 23. f5 Qg5 24. Qxg5 hxg5 25. Bg1 Rd5 26. Bh2 Rd2 27. Re2 Rd1 28. Kg1 Rd3 29. Kf2 c3 30. b4 Bb6 31. Re1 Rxe3 32. Rxe3 c2 0-1


[Site "https://www.chess.com"]

[Event "Titled Tuesday Blitz October 11 Early 2022"]
[White "Fishchuk, Vladyslav"]
[Black "Karas, Marek"]
[WhiteFideId "34122117"]
[BlackFideId "14928558"]
[WhiteElo "2054"]
[BlackElo "2220"]
[Result "0-1"]
[Round "01"]
[TimeControl "180+1"]
[Date "2022.10.12"]
[WhiteClock "0:00:03"]
[BlackClock "0:00:04"]

1. Nf3 Nf6 2. c4 g6 3. Nc3 Bg7 4. e4 d6 5. d4 O-O 6. Be2 Bg4 7. O-O Nfd7 8. Be3 Nc6 9. h3 Bxf3 10. Bxf3 e5 11. d5 Nd4 12. Bxd4 exd4 13. Ne2 Qf6 14. Nc1 Ne5 15. Nd3 Nxc4 16. Qb3 Nb6 17. Rac1 Rfc8 18. Bg4 Re8 19. Rxc7 Rxe4 20. Rxb7 Re7 21. Rxe7 Qxe7 22. Re1 Qf8 23. a4 Rb8 24. Qb5 Bf6 25. a5 Na8 26. Qc6 Kg7 27. b4 Qd8 28. Bd7 Qc7 29. b5 Qxa5 30. Qxd6 Qc7 31. Qc6 Qb6 32. d6 Rd8 33. Re8 Qa5 34. Rxd8 Qxd8 35. Bg4 Nb6 36. Bf3 h5 37. Nc5 Nc8 38. d7 Nb6 39. Be4 Be7 40. Nb7 Qxd7 41. Qc4 Bf6 42. Qc6 Qe7 43. Nd6 Nd7 44. Bd5 Ne5 45. Ne8+ Kf8 46. Nxf6 Nxc6 47. Bxc6 Qxf6 0-1


[Site "https://www.chess.com"]

[Event "Titled Tuesday Blitz October 11 Early 2022"]
[White "Gareyev, Timur"]
[Black "Deuer, Marius"]
[WhiteFideId "14200937"]
[BlackFideId "16236432"]
[WhiteElo "2552"]
[BlackElo "2226"]
[Result "1-0"]
[Round "01"]
[TimeControl "180+1"]
[Date "2022.10.12"]
[WhiteClock "0:00:48"]
[BlackClock "0:00:06"]

1. c4 e5 2. g3 c6 3. Nf3 e4 4. Nd4 d5 5. cxd5 Qxd5 6. Nc2 Nf6 7. Nc3 Qh5 8. Bg2 Qg6 9. Ne3 Bc5 10. Qc2 Bxe3 11. fxe3 Bf5 12. b3 O-O 13. Ba3 Re8 14. Rf1 Nbd7 15. Rf4 Qh5 16. Rh4 Qg5 17. Bd6 Ne5 18. O-O-O Ng6 19. Bf4 Nxf4 20. Rxf4 Nd5 21. Nxd5 cxd5 22. Qb2 Rac8+ 23. Kb1 Be6 24. Qd4 1-0


[Site "https://www.chess.com"]

[Event "Titled Tuesday Blitz October 11 Early 2022"]
[White "Garv Gaur"]
[Black "Hansen, Eric"]
[WhiteFideId "45030839"]
[BlackFideId "2606771"]
[WhiteElo "1960"]
[BlackElo "2568"]
[Result "0-1"]
[Round "01"]
[TimeControl "180+1"]
[Date "2022.10.11"]
[WhiteClock "0:00:47"]
[BlackClock "0:00:13"]

1. d4 Nf6 2. Nf3 g6 3. c4 Bg7 4. g3 O-O 5. Bg2 d5 6. cxd5 Nxd5 7. O-O Nb6 8. Nc3 Nc6 9. e3 Re8 10. Re1 a5 11. Qe2 e5 12. dxe5 Nxe5 13. Nxe5 Bxe5 14. e4 Be6 15. Rd1 Qf6 16. Be3 Nc4 17. Rac1 Nxe3 18. Qxe3 Rad8 19. Qe2 Rxd1+ 20. Qxd1 Rd8 21. Qc2 c6 22. Rd1 Rxd1+ 23. Nxd1 Bd4 24. b3 g5 25. h3 h5 26. Qd2 b6 27. Ne3 Qe5 28. Nc4 Qc5 29. Bf1 h4 30. gxh4 gxh4 31. Qf4 Qe7 32. e5 Bc5 33. Nd6 Kg7 34. Ne4 Kf8 35. Nf6 Qd8 36. Qh6+ Ke7 37. Qxh4 Qd4 38. Nd5+ Kd7 39. Qe7+ Bxe7 0-1


[Site "https://www.chess.com"]